AoeStats
← TheWalker6055

Black Forest

509525145Analyzed
2v2 RM · 5d ago on Sep 27, 2026· 46m 55s· 4 players
Game mode
Random Map
Map size
Medium (4 player)
Population
200
Speed
Normal
Resources
Standard
Victory
Conquest
Starting age
Dark Age
Ending age
Imperial Age
RankedLock teamsTeams togetherTeam positionsShared explorationLock speedFull tech treeHidden civsTurbo modeCheats
Victory
Defeat
🇺🇸 Turks · United States
961
+14
🇮🇳 Celts · India
940
+16
🇧🇷 Byzantines · Brazil
931
-15
🇧🇷 Bohemians · Brazil
921
-15
Cottager
13:38 Feudal Age
19:20 Castle Age
20:42 Double-Bit Axe
20:58 Horse Collar
22:47 Bow Saw
29:59 Imperial Age
30:02 Padded Archer Armor
30:07 Scale Barding Armor
34:01 Bloodlines
33:51 Husbandry
34:08 Leather Archer Armor
34:13 Chain Barding Armor
35:04 Caravan
36:58 Chain Barding Armor
37:08 Ring Archer Armor
38:23 Forging
42:50 Plate Barding Armor
42:46 Ring Archer Armor
45:09 Ring Archer Armor
45:58 Artillery
TheWalker6055
0:27 Loom
12:15 Feudal Age
13:06 Double-Bit Axe
14:21 Gold Mining
15:50 Wheelbarrow
16:09 Wheelbarrow
15:19 Horse Collar
15:39 Town Watch
16:02 Man-at-Arms
19:08 Stone Mining
24:53 Castle Age
23:15 Forging
23:05 Scale Mail Armor
23:37 Scale Mail Armor
23:27 Fishing Lines
24:34 Scale Barding Armor
24:20 Fletching
24:30 Padded Archer Armor
24:20 Arson
26:29 Heavy Plow
26:41 Bow Saw
27:09 Gold Shaft Mining
27:09 Stone Shaft Mining
30:12 Stone Shaft Mining
29:56 Hand Cart
30:06 Hand Cart
31:17 Iron Casting
30:57 Chain Mail Armor
37:35 Imperial Age
34:43 Pikeman
34:43 Long Swordsman
35:08 Gambesons
35:30 Husbandry
36:41 Caravan
37:11 Coinage
37:10 Husbandry
37:58 Chain Barding Armor
37:33 Bodkin Arrow
37:53 Leather Archer Armor
39:48 Town Patrol
41:13 Blast Furnace
40:44 Plate Mail Armor
40:46 Ring Archer Armor
39:58 Halberdier
42:41 Chemistry
41:47 Siege Engineers
41:52 Masonry
41:38 Murder Holes
Backpack
1:12 Loom
14:19 Feudal Age
20:41 Castle Age
18:56 Double-Bit Axe
19:40 Horse Collar
25:01 Heavy Plow
25:16 Bow Saw
30:05 Wheelbarrow
29:38 Pikeman
30:19 Squires
32:19 Forging
32:12 Scale Mail Armor
34:02 Husbandry
40:49 Fortified Wall
Rafins
11:21 Feudal Age
16:15 Castle Age
15:21 Double-Bit Axe
16:19 Horse Collar
18:13 Bow Saw
18:28 Bow Saw
21:02 Fletching
24:45 Heavy Plow
24:59 Town Watch
25:50 Wheelbarrow
27:54 Bodkin Arrow
31:46 Imperial Age
29:55 Forging
29:46 Scale Mail Armor
31:12 Chemistry
30:36 Pikeman
31:17 Squires
31:02 Arson
32:13 Iron Casting
31:54 Chain Mail Armor
32:43 Halberdier
35:08 Ballistics
36:58 Two-Man Saw
37:26 Blast Furnace
36:57 Plate Mail Armor
39:07 Elite Hussite Wagon
46:15 Conscription
Connection lost

Rejoining the realm…

Still unreachable

The connection could not be restored.

Session expired

The server has moved on; the page needs a fresh start.